 Dungeon Crawl Stone Soup version 0.27.0-1-g7a089689b8 (webtiles) character file.

Game seed: 4343212071894636815

1904 jimbutter the Cleaver (level 8, -18/73 HPs)
             Began as a Minotaur Fighter on Aug 2, 2021.
             Was a Believer of Okawaru.
             Demolished by a boulder beetle (57 damage)
             ... on level 7 of the Dungeon.
             The game lasted 00:22:09 (7166 turns).

jimbutter the Cleaver (Minotaur Fighter)            Turns: 7166, Time: 00:22:09

Health: -18/73     AC: 13    Str: 23    XL:     8   Next: 94%
Magic:  7/7        EV:  6    Int:  8    God:    Okawaru [**....]
Gold:   204        SH: 12    Dex: 13    Spells: 7/7 levels left

rFire    + . .     SeeInvis .   a - +0 war axe
rCold    . . .     Faith    .   c - +1 kite shield
rNeg     . . .     Spirit   .   m - +0 chain mail
rPois    +         Reflect  .   (helmet restricted)
rElec    +         Harm     .   (no cloak)
rCorr    +         Rampage  .   b - +0 pair of gloves
Will     .....                  j - +0 pair of boots
Stlth    ..........             (no amulet)
HPRegen  0.22/turn              f - ring of protection from fire
MPRegen  0.10/turn              k - ring "Plog" {rElec rPois rCorr Int+3 Dex+3}

@: no status effects
A: horns 2, retaliatory headbutt
a: Renounce Religion, Heroism


You were on level 7 of the Dungeon.
You worshipped Okawaru.
Okawaru was pleased with you.
You visited 2 branches of the dungeon, and saw 8 of its levels.
You also visited: Sewer and Ossuary.

You collected 204 gold pieces.

Inventory:

Hand Weapons
 a - a +0 war axe (weapon)
 F - a +2 hand axe of electrocution
Missiles
 e - 242 stones
 g - 71 sling bullets
 p - 69 bolts
 x - 58 poisoned darts (quivered)
Armour
 b - a +0 pair of gloves (worn)
 c - a +1 kite shield (worn)
 j - a +0 pair of boots (worn)
 m - a +0 chain mail (worn)
Jewellery
 f - a ring of protection from fire (left hand)
 k - the ring "Plog" (right hand) {rElec rPois rCorr Int+3 Dex+3}
   (You acquired it on level 4 of the Dungeon)

   [ring of resist corrosion]

   Int:       It affects your intelligence (+3).
   Dex:       It affects your dexterity (+3).
   rElec:     It insulates you from electricity.
   rPois:     It protects you from poison.
   rCorr:     It protects you from acid and corrosion.
 u - a ring of protection from cold
 E - an amulet of magic regeneration
Wands
 l - a wand of iceblast (6)
Scrolls
 n - 3 scrolls of torment {unknown}
 o - 3 scrolls of teleportation
 r - 3 scrolls of fog
 s - 2 scrolls of magic mapping {unknown}
 y - a scroll of immolation {unknown}
 H - a scroll of noise {unknown}
 I - 2 scrolls of amnesia {unknown}
Potions
 d - 4 potions of might
 h - a potion of flight {unknown}
 i - 5 potions of heal wounds
 q - 2 potions of degeneration {unknown}
 t - 3 potions of lignification {unknown}
 v - a potion of invisibility {unknown}
 w - 6 potions of curing
 z - a potion of berserk rage {unknown}
 A - 4 potions of magic
 B - a potion of haste {unknown}
 C - a potion of resistance {unknown}
 D - 3 potions of brilliance
 G - 2 potions of mutation {unknown}


   Skills:
 + Level 7.2 Fighting
 * Level 9.3 Axes
 - Level 6.9 Armour
 + Level 7.2 Shields


You had 7 spell levels left.
You didn't know any spells.
Your spell library contained the following spells:

 Spells                   Type           Power      Damage    Failure   Level
 Apportation              Tloc           0%         N/A       100%        1
 Foxfire                  Conj/Fire      0%         2x1d4     100%        1
 Conjure Flame            Conj/Fire      0%         6-21      100%        3
 Inner Flame              Hex/Fire       0%         N/A       100%        3
 Passage of Golubria      Tloc           N/A        N/A       100%        4
 Silence                  Hex/Air        0%         N/A       100%        5
 Lehudib's Crystal Spear  Conj/Erth      0%         10d2      100%        8


Dungeon Overview and Level Annotations

Branches:
Dungeon (7/15)             Temple (1/1) D:4           Sewer (visited)
Ossuary (visited)

Altars:
Ashenzari
Dithmenos
Elyvilon
Gozag
Hepliaklqana
Kikubaaqudgha
Makhleb
Nemelex Xobeh
Okawaru
Qazlal
Sif Muna
Uskayaw
Vehumet
Wu Jian
Xom
Yredelemnul
Zin
The Shining One

Annotations:
D:6 2 runed translucent doors, Spectrina's ghost, novice DEMo


Innate Abilities, Weirdness & Mutations

You have a pair of horns on your head.
You reflexively headbutt those who attack you in melee.


Message History

Found 17 gold pieces.
You slice the boulder beetle!!
The boulder beetle is moderately wounded.
You block the boulder beetle's attack.
You hit the boulder beetle but do no damage.
The boulder beetle is heavily wounded.
The boulder beetle bites you.
You hit the boulder beetle but do no damage.
The boulder beetle is heavily wounded.
You block the boulder beetle's attack.
You hit the boulder beetle but do no damage.
You headbutt the boulder beetle.
The boulder beetle is heavily wounded.
The boulder beetle bites you.
The boulder beetle leaps!
The boulder beetle curls into a ball and begins rolling!
There is a stone staircase leading up, spattered with blood here.
Throw: 61 darts (poison)
Press: ? - help, Q - select action, (/) - cycle Shift-Dir - straight line, f/p - boulder beetle
Aim: a boulder beetle (severely wounded, rolling, poisoned, 90% to hit)
You throw a poisoned dart.
The poisoned dart hits the boulder beetle.
The boulder beetle is severely wounded.
Throw: 60 darts (poison)
Press: ? - help, Q - select action, (/) - cycle Shift-Dir - straight line, f/p - boulder beetle
Aim: a boulder beetle (severely wounded, rolling, poisoned, 90% to hit)
You throw a poisoned dart.
The poisoned dart hits the boulder beetle.
The boulder beetle is severely wounded.
Throw: 59 darts (poison)
Press: ? - help, Q - select action, (/) - cycle Shift-Dir - straight line, f/p - boulder beetle
Aim: a boulder beetle (severely wounded, rolling, poisoned, 89% to hit)
You throw a poisoned dart.
The poisoned dart hits the boulder beetle.
The boulder beetle looks even sicker.
The boulder beetle is severely wounded.
You hit the boulder beetle but do no damage.
The boulder beetle is severely wounded.
The boulder beetle hits you!!!
Ouch! That really hurt!
You die...

#.......(.
#####.........
+!............
#............
#......(...(.
####.....(...(..
..........°.....
.....).@B°.....$
................
........########
####....# #....#
#....# .......
........ .......


You could see a boulder beetle (rolling, very poisoned).

Vanquished Creatures
  Purgy (D:4)
  A necrophage (D:6)
  2 ogres (D:5)
  A phantom (D:6)
  A kobold brigand (Sewer)
  2 scorpions
  A water moccasin skeleton (D:5)
  5 wights (D:6)
  3 centaur zombies (Ossuary)
  2 bullfrog zombies
  A hound (D:6)
  A human zombie (Ossuary)
  5 orc priests
  6 iguanas
  6 orc wizards
  A hound skeleton (D:3)
  3 mummies
  7 adders
  6 river rats (Sewer)
  A white imp (D:6)
  3 adder zombies
  A worm (D:2)
  2 dart slugs
  19 orcs
  3 bats
  6 endoplasms
  8 giant cockroaches
  8 goblins
  4 hobgoblins
  9 jackals
  18 kobolds
  7 quokkas
  11 ball pythons
  5 frilled lizards
  A goblin zombie (Ossuary)
  8 hobgoblin zombies (Ossuary)
  A jackal zombie (Ossuary)
  11 kobold zombies (Ossuary)
  8 orc zombies (Ossuary)
  20 rats
  A rat zombie (Ossuary)
210 creatures vanquished.

Notes
Turn   | Place    | Note
-------+----------+-------------------------------------------
     0 | D:1      | jimbutter the Minotaur Fighter began the quest for the Orb.
     0 | D:1      | Reached XP level 1. HP: 19/19 MP: 0/0
   273 | D:1      | Reached XP level 2. HP: 27/27 MP: 1/1
   321 | D:1      | Found a faded altar of an unknown god.
   328 | D:1      | Reached skill level 3 in Axes
  1334 | D:2      | Reached XP level 3. HP: 33/33 MP: 2/2
  2174 | D:3      | Found a broken altar of Ashenzari.
  2238 | D:3      | Reached XP level 4. HP: 40/40 MP: 3/3
  2304 | D:3      | Found an opulent altar of Gozag.
  2427 | D:3      | Found a glowing drain.
  2448 | Sewer    | Entered a sewer
  2474 | Sewer    | Reached skill level 4 in Axes
  2749 | Sewer    | Reached XP level 5. HP: 40/47 MP: 4/4
  2815 | Sewer    | Reached skill level 5 in Axes
  3285 | Sewer    | Reached XP level 6. HP: 51/55 MP: 5/5
  3534 | D:3      | Reached skill level 5 in Fighting
  3588 | D:4      | Reached skill level 5 in Shields
  3756 | D:3      | Reached skill level 5 in Armour
  4004 | D:4      | Identified a scroll of acquirement
  4004 | D:4      | Acquired the ring "Plog" {rElec rPois rCorr Int+3 Dex+3}
  4037 | D:4      | Noticed Purgy
  4058 | D:4      | Killed Purgy
  4059 | D:4      | Reached skill level 6 in Axes
  4350 | D:4      | Found a staircase to the Ecumenical Temple.
  4358 | D:4      | Reached XP level 7. HP: 61/61 MP: 6/6
  4362 | Temple   | Entered the Ecumenical Temple
  4617 | Temple   | Became a worshipper of Warmaster Okawaru
  5063 | D:5      | Entered Level 5 of the Dungeon
  5268 | D:5      | Reached skill level 7 in Axes
  5408 | D:5      | Found a basalt altar of Yredelemnul.
  5585 | D:5      | Reached * piety under Okawaru
  5586 | D:5      | Reached XP level 8. HP: 39/70 MP: 7/7
  5980 | D:6      | Found a shadowy altar of Dithmenos.
  6033 | D:6      | Identified the +0 scale mail "Yluvuk" {+Inv}
  6140 | D:6      | Reached skill level 8 in Axes
  6355 | D:6      | Found a radiant altar of Vehumet.
  6368 | D:6      | Found an ancient bone altar of Kikubaaqudgha.
  6369 | D:6      | Found a shimmering blue altar of Sif Muna.
  6373 | D:6      | Got Sif Muna's Almanac of Dislocation
  6448 | D:6      | Identified the +7 great sword of Xom {freeze, Str+2}
  6482 | D:6      | Found a sand-covered staircase.
  6492 | Ossuary  | Entered an ossuary
  6616 | Ossuary  | Reached skill level 9 in Axes
  6626 | Ossuary  | Reached ** piety under Okawaru
  7066 | D:6      | Found a runed translucent door.
  7068 | D:6      | Noticed Spectrina's ghost (novice DEMo)
  7112 | D:6      | Found a runed translucent door.
  7152 | D:7      | Noticed a boulder beetle
  7166 | D:7      | Demolished by a boulder beetle

Illustrated notes

Levels and vault maps discovered:
D:1:      sevenhm_arrival_forest_fort_large_2, layout_loops_cross,
          ebering_ecumenical_altar_abandoned, minmay_box_of_dots
D:2:      layout_basic, kennysheep_generic_room_6
D:3:      layout_rooms, general_overflow_altar, ashenzari_conservatory_becter,
          gup_sewer_entry_pipe
D:4:      kennysheep_big_flooded_room, layout_rooms,
          minmay_temple_entry_junction, minmay_strange_pillars, uniq_purgy
D:5:      layout_rooms, nicolae_overflow_crystal_walls
D:6:      layout_basic, grunt_temple_overflow_magic_moments,
          nicolae_dithmenos_the_darkroom, gup_ossuary_entry_pyramid,
          ebering_ghost_sewer_f
D:7:      layout_basic, uniq_duvessa
Temple:   minmay_temple_curvy_loop

Skill      XL: |  1  2  3  4  5  6  7  8 |
---------------+-------------------------+-----
Axes           | 3 4 5 6 7 9 |  9.3
Shields        | 4 5 6 7 |  7.2
Armour         | 4 5 6 |  6.9
Fighting       | 4 5 6 7 |  7.2

Action                   |  1- 3 |  4- 6 |  7- 9 || total
-------------------------+-------+-------+-------++-------
Melee: War axe           |   121 |   154 |   246 ||   521
       Headbutt          |    11 |    23 |    64 ||    98
Throw: Dart              |       |     3 |     9 ||    12
  Use: Scroll            |       |     8 |     2 ||    10
       Potion            |       |     1 |     2 ||     3
Armor: Scale mail        |    65 |    82 |       ||   147
       Chain mail        |       |     6 |   120 ||   126
Dodge: Dodged            |    30 |    77 |    53 ||   160
Block: Kite shield       |    61 |   111 |   127 ||   299
